 Dungeon Crawl Stone Soup version 0.23-a0-359-g9beedce (webtiles) character file.

13 lemonriz the Ruffian (level 2, -1/23 HPs)
             Began as a Draconian Transmuter on Oct 23, 2018.
             Slain by a leopard gecko (5 damage)
             ... on level 1 of the Dungeon.
             The game lasted 00:00:36 (157 turns).

lemonriz the Ruffian (Draconian Transmuter)          Turns: 157, Time: 00:00:37

Health: -1/23      AC:  4    Str: 12    XL:     2   Next: 24%
Magic:  4/5        EV: 12    Int: 13    God:
Gold:   16         SH:  0    Dex: 11    Spells: 4/5 levels left

rFire    . . .     SeeInvis .     - Unarmed
rCold    + . .     Gourm    .   (no shield)
rNeg     . . .     Faith    .   (armour unavailable)
rPois    .         Spirit   .   (helmet restricted)
rElec    .         Reflect  .   (no cloak)
rCorr    .         Harm     .   (no gloves)
MR       .....                  (boots currently unavailable)
Stlth    +.........             (no amulet)
HPRegen  0.07/turn              d - ring of protection from cold
MPRegen  0.09/turn              (no ring)

@: appendage (expiring)
A: unfitting armour, talons 3, cold-blooded, AC +4
a: End Transformation


You were on level 1 of the Dungeon.
You were not hungry.
You had grown temporary talons.
You visited 1 branch of the dungeon, and saw 1 of its levels.

You collected 16 gold pieces.

Inventory:

Missiles
 a - 12 arrows
Jewellery
 d - a ring of protection from cold (left hand)
Scrolls
 f - a scroll of immolation {unknown}
Potions
 e - 2 potions of curing {unknown}
Comestibles
 b - 3 chunks of flesh
 c - a ration


   Skills:
 - Level 1.1 Fighting
 - Level 1.7 Dodging
 + Level 3.1 Unarmed Combat
 + Level 2.2 Spellcasting
 * Level 2.5 Transmutations


You had 4 spell levels left.
You knew the following spells:

 Your Spells              Type           Power        Failure   Level  Hunger
a - Beastly Appendage     Tmut           #.....       9%          1    ##.....

Your spell library contained the following spells:

 Spells                   Type           Power        Failure   Level  Hunger
 Sticks to Snakes         Tmut           #.......     14%         2    ###....
 Spider Form              Tmut/Pois      #.........   41%         3    ####...
 Ice Form                 Ice/Tmut       #.......     83%         4    #####..
 Blade Hands              Tmut           #.........   94%         5    ######.


Dungeon Overview and Level Annotations

Branches:
Dungeon (1/15)

Altars:


Innate Abilities, Weirdness & Mutations

Your plain brown scales are hard. (AC +4)
You cannot fit into any form of body armour.
You are cold-blooded and may be slowed by cold attacks.
You have claws for feet.


Message History

The jackal bites you but does no damage.
You closely miss the jackal. You tail-slap the jackal.
The jackal is almost dead.
The jackal barely misses you.
The jackal bites you but does no damage.
You miss the jackal. You claw the jackal.
You kill the jackal!
The jackal closely misses you.
You closely miss the jackal. The jackal bites you.
* * * LOW HITPOINT WARNING * * *
You hit the jackal but do no damage. Your kick misses the jackal.
Your transformation is almost over.
The jackal closely misses you.
You hit the jackal. You claw the jackal.
You kill the jackal!
A leopard gecko comes into view.
The leopard gecko hisses angrily.
You hit the leopard gecko but do no damage.
Your kick misses the leopard gecko. The leopard gecko bites you.
You die...

###..##..........##
##.....
##.......))....#
#......
#..##........##
#......
##...##.##..###
#$...>.
#....##.##..### .....
#.##........... ...
###.##.......§###
#.##.l.##.#....)...###
#..†.@..†.............
#[.########...........
#..# #........... #..#
#.......#... #..#
#........... #.##
#.......#... #.
#.......#... #.
######..#... #..##.#


You could see a leopard gecko.

Vanquished Creatures
  A bat (D:1)
  2 giant cockroaches (D:1)
  3 jackals (D:1)
  3 kobolds (D:1)
  A frilled lizard (D:1)
  2 rats (D:1)
12 creatures vanquished.

Notes
Turn   | Place    | Note
-------+----------+-------------------------------------------
     0 | D:1      | lemonriz the Draconian Transmuter began the quest for the
                  | Orb.
     0 | D:1      | Reached XP level 1. HP: 16/16 MP: 3/3
   120 | D:1      | Reached XP level 2. HP: 21/23 MP: 5/5
   157 | D:1      | Slain by a leopard gecko

Vault maps used:
D:1:      dpeg_arrival_rooms_a

Action                   || total
-------------------------++-------
Melee: Unarmed           ||    31
       Tailslap          ||     3
       Kick              ||     3
 Cast: Beastly Appendage ||     2
Armor: Skin              ||    23
Dodge: Dodged            ||    41

Table legend:
 A = Non-vault XP
 B = Vault XP
 C = Vault XP percentage of total XP
 D = Non-vault monster count
 E = Vault monster count
 F = Vault count percentage of total count
                 A         B        C        D         E       F
            +---------+---------+-------+---------+---------+-------
      Total |      19 |       0 |   0.0 |      12 |       0 |   0.0
            +---------+---------+-------+---------+---------+-------
        D:1 |      19 |       0 |   0.0 |      12 |       0 |   0.0
            +---------+---------+-------+---------+---------+-------
